 Dungeon Crawl Stone Soup version 0.26.1-11-gd32895ea62 (webtiles) character file.

Game seed: 10688153614378201539

2045 Elleran the Cleaver (level 9, -3/74 HPs)
             Began as a Minotaur Fighter on May 3, 2021.
             Was an Initiate of Okawaru.
             Slain by a gnoll
             ... wielding a +3 halberd of electrocution
              (15 damage)
             ... in a bailey.
             The game lasted 00:23:01 (6760 turns).

Elleran the Cleaver (Minotaur Fighter)              Turns: 6760, Time: 00:23:02

Health: -3/74      AC: 21    Str: 24 (25) XL:     9   Next: 4%
Magic:  8/8        EV:  2    Int:  3 (5)  God:    Okawaru [......]
Gold:   185        SH: 11    Dex:  8 (9)  Spells: 8/8 levels left

rFire    + . .     SeeInvis .   a - +0 war axe
rCold    . . .     Faith    .   c - +1 kite shield
rNeg     . . .     Spirit   .   C - +0 crystal plate armour
rPois    .         Reflect  .   (helmet restricted)
rElec    .         Harm     .   y - +1 cloak {rCorr}
rCorr    +         Rampage  .   q - +0 pair of gloves
Will     .....                  b - +0 pair of boots
Stlth    ..........             (no amulet)
HPRegen  0.22/turn              D - ring of protection from fire
MPRegen  0.11/turn              (no ring)

@: mighty, very slightly contaminated, invisible
A: retaliatory headbutt, horns 2
a: Renounce Religion


You were in a bailey.
You worshipped Okawaru.
Okawaru was noncommittal.
You visited 2 branches of the dungeon, and saw 8 of its levels.
You also visited: Bailey.

You collected 343 gold pieces.
You spent 158 gold pieces at shops.

Inventory:

Hand Weapons
 a - a +0 war axe (weapon)
 h - a +2 flail of protection
 o - a +4 quarterstaff of chaos
 r - a +2 dagger of speed
Missiles
 t - 14 poisoned darts (quivered)
 v - 68 boomerangs
Armour
 b - a +0 pair of boots (worn)
 c - a +1 kite shield (worn)
 q - a +0 pair of gloves (worn)
 y - a +1 cloak of preservation (worn)
 C - a +0 crystal plate armour (worn)
Jewellery
 x - an uncursed ring of fire
 D - a ring of protection from fire (left hand)
Wands
 f - a wand of polymorph (4)
Scrolls
 e - 2 scrolls of magic mapping
 i - 2 scrolls of identify
 j - 3 scrolls of remove curse
 m - a scroll of immolation
 p - a scroll of enchant armour
 A - a scroll of fear
 B - a scroll of teleportation
Potions
 g - 4 potions of magic
 k - 2 potions of heal wounds
 l - 3 potions of resistance
 n - 5 potions of curing
 s - 2 potions of flight
 z - a potion of brilliance


   Skills:
 + Level 5.4 Fighting
 * Level 12.3 Axes
 + Level 4.9 Armour
 + Level 4.9 Shields
 + Level 1.6 Evocations


You had 8 spell levels left.
You didn't know any spells.
Your spell library was empty.

Dungeon Overview and Level Annotations

Branches:
Dungeon (7/15)             Temple (1/1) D:7          Bailey (1/1)

Altars:
Ashenzari
Cheibriados
Dithmenos
Elyvilon
Fedhas
Gozag
Hepliaklqana
Kikubaaqudgha
Okawaru
Qazlal
Ru
Sif Muna
Trog
Uskayaw
Vehumet
Wu Jian
Xom
Yredelemnul
Zin
The Shining One

Shops:
D:6 [=[(:


Innate Abilities, Weirdness & Mutations

You reflexively headbutt those who attack you in melee.
You have a pair of horns on your head.


Message History

Your crystal plate armour prevents you from hitting the gnoll.
Your shield and crystal plate armour prevent you from hitting the kobold.
The gnoll hits you with a +0 halberd of electrocution.
The hobgoblin throws a boomerang.
The boomerang barely misses the gnoll.
You block the boomerang.
The weapon returns to the hobgoblin!
Unknown command.
You slash the gnoll! You headbutt the gnoll.
You kill the gnoll!
Okawaru accepts your kill.
You hit the kobold.
You kill the kobold!
The kobold throws a boomerang.
The weapon returns to the kobold!
Unknown command.
The gnoll hits you but does no damage.
You are electrocuted!
* * * LOW HITPOINT WARNING * * *
The hobgoblin throws a boomerang.
The boomerang hits the gnoll.
The kobold throws a boomerang.
You block the boomerang.
The weapon returns to the kobold!
The gnoll hits you but does no damage.
You are electrocuted!
You die...

## ##### ### ### #∩
#. ##)).###.###.#
#'##'##(###'##'##'##
#.g.!.## ##.....##
#.gg@.# ###.....###
#.'.g⌠..'.#.'..⌠..'.#
###...K.#####....†###
#.....# #.....##
#'##'##' #'##'##'##
#.# #. #.#.# #.###.#
## ### #### ### #'#
#.# #.###)#.# #.###.#
#'##'##'###'##'##'##


You could see 3 gnolls, a hobgoblin and a kobold.

Vanquished Creatures
  An orc knight (Bailey)
  Grinder (D:4)
  Edmund (D:4)
  2 ogres
  3 phantoms
  A water moccasin skeleton (D:2)
  A bullfrog zombie (D:5)
  3 hounds
  2 jellies (D:5)
  Crazy Yiuf (D:4)
  4 orc wizards
  A bullfrog skeleton (D:4)
  An iguana (D:4)
  4 worker ants
  A hound skeleton (D:4)
  2 worker ant zombies
  Robin (D:2)
  9 gnolls (Bailey)
  2 adders (D:3)
  A shadow imp (D:5)
  2 white imps
  An ooze (D:2)
  4 worms
  2 dart slugs
  7 leopard geckos
  13 orcs
  4 bats
  15 giant cockroaches
  20 goblins
  15 hobgoblins
  4 jackals (D:1)
  2 quokkas
  2 ball pythons
  3 frilled lizards
  A jackal skeleton (D:6)
  A jackal zombie (D:5)
  18 kobolds
  A leopard gecko skeleton (D:4)
  2 quokka skeletons
  3 rats
162 creatures vanquished.

Vanquished Creatures (others)
  A gnoll (Bailey)
1 creature vanquished.

Grand Total: 163 creatures vanquished

Notes
Turn   | Place    | Note
-------+----------+-------------------------------------------
     0 | D:1      | Elleran the Minotaur Fighter began the quest for the Orb.
     0 | D:1      | Reached XP level 1. HP: 19/19 MP: 0/0
   110 | D:1      | Reached skill level 3 in Axes
   116 | D:1      | Reached XP level 2. HP: 10/27 MP: 1/1
   981 | D:2      | Reached XP level 3. HP: 33/33 MP: 2/2
  1109 | D:2      | Reached skill level 4 in Axes
  1364 | D:2      | Noticed Robin
  1372 | D:2      | Killed Robin
  1407 | D:2      | Found a broken altar of Ashenzari.
  1452 | D:2      | Reached XP level 4. HP: 40/40 MP: 3/3
  1488 | D:2      | Reached skill level 5 in Axes
  1703 | D:2      | Found a glowing silver altar of Zin.
  1844 | D:2      | Found a blossoming altar of Fedhas.
  2299 | D:3      | Reached XP level 5. HP: 46/46 MP: 4/4
  2358 | D:3      | Reached skill level 6 in Axes
  2769 | D:3      | Found a glowing golden altar of the Shining One.
  3168 | D:5      | Entered Level 5 of the Dungeon
  3181 | D:4      | Noticed Grinder
  3188 | D:4      | Killed Grinder
  3189 | D:4      | Reached skill level 8 in Axes
  3189 | D:4      | Reached XP level 6. HP: 52/52 MP: 5/5
  3273 | D:4      | Found a bloodstained altar of Trog.
  3294 | D:4      | Noticed Edmund
  3303 | D:4      | Killed Edmund
  3304 | D:4      | Reached skill level 9 in Axes
  3304 | D:4      | Reached XP level 7. HP: 59/59 MP: 6/6
  3458 | D:4      | Found a runed translucent door.
  3459 | D:4      | Noticed Crazy Yiuf
  3464 | D:4      | Killed Crazy Yiuf
  3985 | D:4      | Reached skill level 10 in Axes
  4373 | D:5      | Found a basalt altar of Yredelemnul.
  4373 | D:5      | Found a hazy altar of Hepliaklqana.
  4378 | D:5      | Found a faded altar of an unknown god.
  4380 | D:5      | Found a faded altar of an unknown god.
  4381 | D:5      | Found an ornate altar of the Wu Jian Council.
  4664 | D:5      | Reached skill level 11 in Axes
  4664 | D:5      | Reached XP level 8. HP: 60/66 MP: 7/7
  5135 | D:5      | Found a shadowy altar of Dithmenos.
  5380 | D:6      | Found Jayrix's Book Shoppe.
  5387 | D:6      | Found Fotwut's Armour Shoppe.
  5409 | D:6      | Bought a +0 pair of boots for 67 gold pieces
  5454 | D:6      | Found Ovvouh's Jewellery Shop.
  5458 | D:6      | Bought a cursed ring of teleportation for 63 gold pieces
  5458 | D:6      | Bought a cursed -4 ring of slaying for 28 gold pieces
  5581 | D:6      | Found Taixec's Armour Shoppe.
  5926 | D:6      | Found Ethroo's Antique Weapon Shoppe.
  6145 | D:7      | Found a staircase to the Ecumenical Temple.
  6151 | Temple   | Entered the Ecumenical Temple
  6222 | Temple   | Became a worshipper of Warmaster Okawaru
  6300 | D:7      | Found a flagged portal.
  6308 | Bailey   | Entered a bailey
  6445 | Bailey   | Reached skill level 12 in Axes
  6736 | Bailey   | Noticed an orc knight
  6751 | Bailey   | Killed an orc knight
  6752 | Bailey   | Reached skill level 5 in Fighting
  6752 | Bailey   | Reached skill level 1 in Evocations
  6752 | Bailey   | Reached XP level 9. HP: 45/74 MP: 8/8
  6760 | Bailey   | Slain by a gnoll

Illustrated notes

Levels and vault maps discovered:
D:1:      dpeg_arrival_tiny_a, layout_basic, minivault_11, lemuel_flame_loot_1
D:2:      layout_basic, zin_statuary, general_overflow_altar,
          fedhas_altar_fruit_tree, uniq_robin
D:3:      minmay_roachtagon, layout_basic, nicolae_tso_swordbearing_angel
D:4:      layout_loops_ring, bloody_trog, uniq_edmund, uniq_grinder,
          uniq_crazy_yiuf_cottage
D:5:      layout_gridville, kennysheep_mini,
          chequers_temple_overflow_minitemple, chequers_serial_rivers_small_a
D:6:      layout_loops_ring, serial_shops, shop, shop, shop_fountains,
          shop_statue, kennysheep_little_box
D:7:      layout_loops_corners, nemelex_xobeh_ov_fountains_minmay,
          minmay_temple_entry_gardened_gates, enter_bailey_3
Temple:   dshaligram_water_room_temple
Bailey:   bailey_axe_2, bailey

Skill      XL: |  1  2  3  4  5  6  7  8 |
---------------+-------------------------+-----
Axes           | 3 4 5 8 9 11 12 | 12.3
Fighting       | 4 5 |  5.4
Armour         | 4 |  4.9
Shields        | 4 |  4.9
Evocations     | 1 |  1.6

Action                   |  1- 3 |  4- 6 |  7- 9 || total
-------------------------+-------+-------+-------++-------
Melee: War axe           |    89 |   117 |   229 ||   435
       Headbutt          |    14 |    14 |    32 ||    60
Throw: Stone             |     1 |     3 |       ||     4
       Dart              |       |     1 |     1 ||     2
  Use: Scroll            |       |    13 |     2 ||    15
       Potion            |       |     1 |     6 ||     7
 Stab: Invisible         |       |       |     1 ||     1
Armor: Scale mail        |    33 |    51 |    32 ||   116
       Crystal plate arm |       |       |    96 ||    96
Dodge: Dodged            |    20 |    31 |    14 ||    65
Block: Kite shield       |    33 |    50 |    83 ||   166
